 Dungeon Crawl Stone Soup version 0.18.1-48-g4cf74bf (webtiles) character file.

4417 Joat the Geomancer (level 10, -2/68 HPs)
             Began as an Octopode Earth Elementalist on Sept 3, 2016.
             Was a Believer of Sif Muna.
             Slain by a troll (6 damage)
             ... on level 9 of the Dungeon.
             The game lasted 01:13:20 (8961 turns).

Joat the Geomancer (Octopode Earth Elementalist)    Turns: 8961, Time: 01:13:23

Health: -2/68      AC:  1    Str:  7    XL:     10   Next: 36%
Magic:  16/19      EV: 20    Int: 21    God:    Sif Muna [**....]
Gold:   535        SH:  5    Dex: 13    Spells: 3 memorised, 12 levels left

rFire  . . .     SeeInvis .     a - 105 stones
rCold  . . .     Gourm    .     s - +0 buckler
rNeg   . . .     Faith    .     (helmet restricted)
rPois  .         Spirit   .     (no amulet)
rElec  .         Dismiss  .     o - +5 ring of evasion
rCorr  .         Reflect  .     (no ring)
SustAt .         Harm     .     (no ring)
MR     .....                    (no ring)
Stlth  +++.......               (no ring)
                                (no ring)
                                (no ring)
                                (no ring)

@: flying, not resistant to hostile enchantments, fairly stealthy
A: almost no armour, amphibious, 8 rings, constrict 8, camouflage 1, gelatinous
body 1
a: Channel Energy, Renounce Religion


You were on level 9 of the Dungeon.
You worshipped Sif Muna.
Sif Muna was pleased with you.
You were hungry.

You visited 2 branches of the dungeon, and saw 10 of its levels.
You also visited: Sewer.

You collected 535 gold pieces.

Inventory:

Hand Weapons
 b - a +3 morningstar of freezing
 q - a +0 dagger
 F - a +1 dagger of speed
Missiles
 a - 105 stones (in tentacle)
 l - 4 javelins (quivered)
Armour
 s - a +0 buckler (worn)
Jewellery
 k - an uncursed ring of ice
 o - a +5 ring of evasion (left tentacle)
 I - an uncursed ring of wizardry {unknown}
Wands
 J - a wand of acid (8/15)
Scrolls
 n - 2 scrolls of fear {unknown}
 p - 8 scrolls of teleportation {unknown}
 r - 9 scrolls of blinking {unknown}
 t - 10 scrolls of identify
 v - 2 scrolls of recharging {unknown}
 w - a scroll of magic mapping
 y - a scroll of random uselessness {unknown}
 A - a scroll of amnesia {unknown}
 C - 3 scrolls of noise {unknown}
 D - 2 scrolls of enchant armour {unknown}
 E - a scroll of fog {unknown}
 G - a scroll of enchant weapon {unknown}
 H - 4 scrolls of remove curse
 K - a scroll of holy word {unknown}
Potions
 e - 5 potions of curing
 f - 2 potions of lignification {unknown}
 g - a potion of agility
 h - a potion of cure mutation {unknown}
 j - 2 potions of resistance {unknown}
 m - 3 potions of flight
 u - 5 potions of degeneration {unknown}
 x - a potion of brilliance {unknown}
 z - 2 potions of haste {unknown}
Books
 d - a book of Geomancy

   Spells                             Type                      Level
   a - Sandblast                      Earth                        1
   b - Passwall                       Transmutation/Earth          2
   c - Stone Arrow                    Conjuration/Earth            3
   d - Petrify                        Transmutation/Earth          4
   e - Lee's Rapid Deconstruction     Earth                        5
 M - a book of Flames

   Spells                             Type                      Level
   a - Flame Tongue                   Conjuration/Fire             1
   b - Throw Flame                    Conjuration/Fire             2
   c - Conjure Flame                  Conjuration/Fire             3
   d - Inner Flame                    Hexes/Fire                   3
   e - Sticky Flame                   Conjuration/Fire             4
   f - Fireball                       Conjuration/Fire             5
Comestibles
 c - 7 bread rations
 B - 7 meat rations
 L - a royal jelly


   Skills:
 + Level 5.9 Fighting
 + Level 6.3 Dodging
 - Level 2.6 Stealth
 - Level 5.0 Shields
 + Level 6.2 Spellcasting
 * Level 3.8 Conjurations
   Level 1.0 Transmutations
 + Level 8.4 Earth Magic


You had 12 spell levels left.
You knew the following spells:

 Your Spells              Type           Power        Failure   Level  Hunger
a - Sandblast             Erth           #####.       1%          1    None
l - Lee's Rapid Deconstr  Erth           #####.....   12%         5    #####..
z - Stone Arrow           Conj/Erth      ####..       2%          3    #......


Dungeon Overview and Level Annotations

Branches:
Dungeon (9/15)             Temple (1/1) D:6
   Lair: D:8-11         Orc: D:9-12

Altars:
Ashenzari
Cheibriados
Dithmenos
Elyvilon
Gozag
Kikubaaqudgha
Makhleb
Pakellas
Qazlal
Ru
Sif Muna
Yredelemnul
The Shining One

Annotations:
D:9 Pikel


Innate Abilities, Weirdness & Mutations

You cannot wear most types of armour.
You are amphibious.
You can wear up to eight rings at the same time.
You can use your tentacles to constrict eight enemies at once.
Your skin changes colour to match your surroundings (Stealth).
Your rubbery body absorbs attacks (AC +1).


Message History

The centaur hits you. The troll closely misses you. The troll claws you! x2
* * * LOW HITPOINT WARNING * * *
The centaur misses you.
The centaur wields an uncursed shortbow.
The centaur shoots an arrow.
The arrow closely misses you.
Read which item? (? for menu, Esc to quit)
Okay, then.
Drink which item? (? for menu, Esc to quit)
It was a potion of curing.
You feel better. The troll bites you!
* * * LOW HITPOINT WARNING * * *
The troll closely misses you. The troll misses you.
Drink which item? (? for menu, Esc to quit)
It was a potion of flight.
You feel very buoyant.
You fly up into the air.
The troll bites you!
* * * LOW HITPOINT WARNING * * *
The troll claws you.
* * * LOW HITPOINT WARNING * * *
The troll claws you.
You die... #<# ..# #K# ... pp#

..#
####
#.# #(#
#.# #.#
#@# #T#
#c#
#.#####
#..(<.#
#.###.#
...# .#
#...#
.#
.....#
.#


You could see a troll and a centaur.

Vanquished Creatures
  The ghost of Joat the Insei, a novice MfTm (D:3)
  The ghost of Inkary the Covered, an amateur DsWn (D:4)
  A sky beast (D:7)
  An orc warrior (D:8)
  A black bear (D:8)
  8 ogres
  A phantom (D:4)
  A necrophage (D:5)
  4 centaurs
  A gnoll sergeant (D:7)
  A giant frog (D:5)
  A wyvern skeleton (D:6)
  5 scorpions
  A water moccasin skeleton (D:5)
  4 killer bees (D:7)
  13 wights
  2 howler monkeys
  A crimson imp (D:5)
  2 jellies (D:6)
  A hound (D:5)
  2 centaur skeletons
  5 orc priests (D:7)
  8 orc wizards
  3 iguanas
  8 worker ants
  Robin (D:2)
  17 adders
  3 gnolls (D:7)
  2 river rats (D:3)
  A shadow imp (D:6)
  4 oozes
  3 adder skeletons
  7 worms
  A dart slug (D:2)
  4 giant geckos
  30 orcs
  17 bats
  8 giant cockroaches
  12 goblins
  10 hobgoblins
  7 jackals
  6 kobolds
  6 quokkas
  3 ball pythons
  A giant gecko skeleton (D:5)
  7 giant newts
  13 rats
240 creatures vanquished.

Notes
Turn   | Place    | Note
--------------------------------------------------------------
     0 | D:1      | Joat the Octopode Earth Elementalist began the quest for the Orb.
     0 | D:1      | Reached XP level 1. HP: 11/11 MP: 3/3
   207 | D:1      | Reached XP level 2. HP: 15/17 MP: 5/5
   776 | D:2      | Noticed Robin
  1034 | D:2      | Reached skill level 4 in Earth Magic
  1047 | D:2      | Reached XP level 3. HP: 16/21 MP: 2/6
  1083 | D:2      | Killed Robin
  1197 | D:2      | Reached XP level 4. HP: 17/27 MP: 0/7
  1376 | D:2      | Found a white marble altar of Elyvilon.
  1920 | D:3      | Reached XP level 5. HP: 31/32 MP: 5/8
  1973 | D:3      | Reached skill level 5 in Earth Magic
  1974 | D:3      | Found a glowing drain.
  2008 | D:3      | Reached skill level 1 in Fighting
  2024 | Sewer    | Entered a sewer
  2626 | Sewer    | Learned a level 3 spell: Stone Arrow
  2814 | D:3      | Found an oddly glowing altar of Pakellas.
  2929 | D:3      | Noticed Joat's ghost (novice MfTm)
  2934 | D:3      | Reached XP level 6. HP: 37/38 MP: 10/10
  3061 | D:3      | Reached skill level 1 in Conjurations
  3289 | D:3      | Killed Joat's ghost
  3289 | D:3      | Reached XP level 7. HP: 26/45 MP: 5/11
  3781 | D:4      | Found a shadowy altar of Dithmenos.
  3781 | D:4      | Found a sacrificial altar of Ru.
  3916 | D:4      | Noticed Inkary's ghost (amateur DsWn)
  4387 | D:5      | Entered Level 5 of the Dungeon
  4529 | D:5      | Found an opulent altar of Gozag.
  4604 | D:5      | Reached XP level 8. HP: 48/51 MP: 13/13
  5001 | D:5      | Found a shattered altar of Ashenzari.
  5751 | D:6      | Reached skill level 6 in Earth Magic
  5995 | D:5      | Reached skill level 5 in Shields
  6032 | D:6      | Reached XP level 9. HP: 54/58 MP: 11/15
  6039 | D:6      | Learned a level 5 spell: Lee's Rapid Deconstruction
  6137 | D:6      | Reached skill level 5 in Dodging
  6404 | D:6      | Found a staircase to the Ecumenical Temple.
  6413 | Temple   | Entered the Ecumenical Temple
  6426 | Temple   | Became a worshipper of Sif Muna the Loreminder
  6672 | D:4      | Killed Inkary's ghost
  6672 | D:4      | Reached skill level 5 in Spellcasting
  6672 | D:4      | Reached skill level 7 in Earth Magic
  7060 | D:7      | Reached skill level 5 in Fighting
  7089 | D:7      | Reached * piety under Sif Muna
  7104 | D:7      | Found a basalt altar of Yredelemnul.
  7515 | D:7      | Reached XP level 10. HP: 66/66 MP: 11/18
  7669 | D:7      | Reached skill level 8 in Earth Magic
  8308 | D:8      | Found a snail-covered altar of Cheibriados.
  8492 | D:8      | Reached ** piety under Sif Muna
  8911 | D:9      | Noticed Pikel
  8961 | D:9      | Slain by a troll

Skill      XL: |  1  2  3  4  5  6  7  8  9 10 |
---------------+-------------------------------+-----
Earth Magic    | 4 5 6 7 8 |  8.4
Fighting       | 1 2 4 5 |  5.9
Dodging        | 3 4 6 |  6.3
Conjurations   | 2 3 |  3.8
Shields        | 2 3 5 |  5.0
Spellcasting   | 3 4 5 6 |  6.2
Stealth        | |  2.6
Transmutations | |  1.0

Action                   |  1- 3 |  4- 6 |  7- 9 | 10-12 || total
-------------------------+-------+-------+-------+-------++-------
Melee: Dagger            |    37 |   174 |     9 |       ||   220
       Unarmed           |     4 |       |       |       ||     4
       Constrict         |     8 |    42 |    27 |    19 ||    96
       Tentacles         |     4 |    29 |    22 |     5 ||    60
       Morningstar       |       |       |    81 |    61 ||   142
 Cast: Sandblast         |    23 |    30 |   178 |    12 ||   243
       Stone Arrow       |       |       |       |    20 ||    20
  Use: Scroll            |       |     3 |       |       ||     3
       Potion            |       |       |       |     2 ||     2
 Stab: Sleeping          |     7 |    18 |    10 |     4 ||    39
       Distracted        |       |       |     1 |       ||     1
  Eat: Chunk             |     1 |     7 |    11 |     5 ||    24
       Beef jerky        |       |       |     1 |       ||     1
Armor: Skin              |    11 |     6 |     4 |     3 ||    24
Dodge: Dodged            |    37 |    72 |   154 |    69 ||   332
Block: Buckler           |       |       |    28 |    17 ||    45
